 Dungeon Crawl Stone Soup version 0.31.0-11-ge490571c62 (webtiles) character file.

Game seed: 5526698281557478513

114 ezpacito the Chopper (level 4, -1/35 HPs)
             Began as a Demonspawn Berserker on Jan 30, 2024.
             Was a Believer of Trog.
             Slain by Grinder (7 damage)
             ... while paralysed by Grinder
             ... on level 3 of the Dungeon.
             The game lasted 00:03:01 (2377 turns).

ezpacito the Chopper (Demonspawn Berserker)         Turns: 2377, Time: 00:03:01

Health: -1/35      AC:  9    Str: 17    XL:     4   Next: 67%
Magic:  4/4        EV:  2    Int:  7    God:    Trog [**....]
Gold:   141        SH:  0    Dex: 15    Spells: 3/3 levels left

rFire   . . .        a - +0 hand axe
rCold   + . .        n - +0 buckler
rNeg    . . .        w - +0 ring mail {rC+}
rPois   .            (helmet restricted)
rElec   .            m - +0 cloak
rCorr   .            (no gloves)
SInv    .            l - +2 pair of boots
Will    .....        (no amulet)
Stlth   +            (no ring)
HPRegen 0.25/turn    (no ring)
MPRegen 0.09/turn

%: no passive effects
@: paralysed, on berserk cooldown, slowed
A: antennae 1
a: Renounce Religion, Berserk, Trog's Hand


You were on level 3 of the Dungeon.
You worshipped Trog.
Trog was pleased with you.
You visited 1 branch of the dungeon, and saw 3 of its levels.

You collected 141 gold pieces.

Inventory:

Hand Weapons
 a - a +0 hand axe (weapon)
 e - a +0 dagger
 r - a +0 sling
Missiles
 g - 12 poisoned darts (quivered)
 i - 25 stones
 o - 2 curare-tipped darts
Armour
 l - a +2 pair of boots (worn)
 m - a +0 cloak (worn)
 n - a +0 buckler (worn)
 w - a +0 ring mail of cold resistance (worn)
Jewellery
 k - a ring of ice
Scrolls
 f - a scroll of butterflies
 t - a scroll of torment {unknown}
 v - a scroll of enchant weapon {unknown}
Potions
 c - a potion of resistance
 h - 2 potions of curing {unknown}
 j - a potion of haste {unknown}
 p - a potion of might {unknown}
 q - a potion of enlightenment {unknown}
 s - a potion of brilliance {unknown}
 u - a potion of berserk rage {unknown}


   Skills:
 * Level 3.3 Fighting
 * Level 3.6 Axes
 * Level 0.3 Ranged Weapons
 * Level 2.3 Armour
 * Level 2.2 Dodging
 * Level 1.1 Stealth
 * Level 0.3 Shields
 * Level 1.0 Unarmed Combat


You had 3 spell levels left.
You didn't know any spells.
Your spell library was empty.

Dungeon Overview and Level Annotations

Branches:
Dungeon (3/15)

Altars:

Shops:
D:2 (   D:3 [

Annotations:
D:3 Grinder


Innate Abilities, Weirdness & Mutations

You have a pair of small antennae on your head.


Message History

You closely miss Grinder.
Grinder is lightly wounded.
You block Grinder's attack.
You barely miss Grinder.
Grinder is lightly wounded.
Grinder barely misses you.
You barely miss Grinder.
Grinder is lightly wounded.
Grinder hits you.
You writhe in agony.
You hit Grinder.
Grinder is lightly wounded.
Grinder gestures at you. Pain shoots through your body!
You block Grinder's attack.
You are too injured to fight recklessly!
A red film seems to cover your vision as you go berserk!
You feel yourself moving faster!
You feel mighty! Grinder hits you.
* * * LOW HITPOINT WARNING * * *
You closely miss Grinder.
Grinder is lightly wounded.
You slash Grinder!
Grinder is moderately wounded.
Grinder blinks!
You feel a strong urge to attack something.
You barely miss Grinder.
Grinder is moderately wounded.
You slash Grinder!
Grinder is heavily wounded.
Grinder closely misses you.
You barely miss Grinder.
Grinder is heavily wounded.
Grinder gestures at you.
You suddenly lose the ability to move!
You are no longer berserk.
You feel yourself slow down. Grinder hits you.
* * * LOW HITPOINT WARNING * * *
You writhe in agony.
* * * LOW HITPOINT WARNING * * *
Grinder hits you!
You die...
Grinder says, "Hey, I wasn't done torturing you yet!"

#.# #...#
#.# #....
#.# #...#
#.# #.###
#.####
#...# #.#
#.# #....#
#...# #.#
#.# #.#.##
#...# #.#
#.# #.#.#
#...# ###.#
#.# #.#.#
...# #.#
#.#.#
###5.#
##'###
#.#.#
#.@..######
#....#
#.#.#
#.##......#
#....#
#.#.#####
#[#.#####.#
#....#
+........
#.#.....#
#....#
#.#.#####
#.#.##.##
#....#
#.#.#
#.#.#...# #
##'###
#.#+##
#.#.#.).#.#
#.# #....#
#.#.###.#.#
###.###
#....#
#.#.......#
#......


You could see Grinder.

Vanquished Creatures
  Jessica (D:2)
  4 adders
  A dart slug (D:2)
  An orc (D:3)
  2 ball pythons
  2 bats
  An endoplasm (D:2)
  3 giant cockroaches
  5 goblins
  7 hobgoblins
  6 jackals
  3 frilled lizards
  7 kobolds
  5 rats
48 creatures vanquished.

Notes
Turn   | Place    | Note
-------+----------+-------------------------------------------
     0 | D:1      | ezpacito the Demonspawn Berserker began the quest for the
                  | Orb.
     0 | D:1      | Reached XP level 1. HP: 18/18 MP: 1/1
   336 | D:1      | Gained mutation: You have a pair of small antennae on your
                  | head. [demonic ancestry]
   336 | D:1      | Reached XP level 2. HP: 17/24 MP: 2/2
  1130 | D:2      | Noticed Jessica
  1136 | D:2      | Killed Jessica
  1137 | D:2      | Reached XP level 3. HP: 28/29 MP: 3/3
  1175 | D:2      | Found Xesaeh's Weapon Shoppe.
  1669 | D:3      | Reached XP level 4. HP: 35/35 MP: 4/4
  1690 | D:3      | Reached skill level 1 in Stealth
  1770 | D:3      | Reached ** piety under Trog
  1930 | D:3      | Found Udizik's Antique Armour Shop.
  2009 | D:3      | Reached skill level 1 in Unarmed Combat
  2360 | D:3      | Noticed Grinder
  2375 | D:3      | Paralysed by Grinder for 2 turns
  2377 | D:3      | Slain by Grinder

Illustrated notes

Levels and vault maps discovered:
D:1:      giann_wishing_wells, layout_basic
D:2:      minmay_wonky_spiral, layout_basic, serial_shops, shop,
          minmay_misc_feat_more_columns, minmay_crystal_water, uniq_jessica
D:3:      layout_basic, serial_shops, nicolae_shop_dealshenge,
          solitary_fountain, uniq_grinder

Skill      XL: |  1  2  3  4 |
---------------+-------------+-----
Axes           | 3 |  3.6
Armour         | 2 |  2.3
Dodging        | 2 |  2.2
Stealth        | 1 |  1.1
Unarmed Combat | 1 |  1.0
Fighting       | |  3.3
Ranged Weapons | |  0.3
Shields        | |  0.3

Action                     |  1- 3 |  4- 6 || total
---------------------------+-------+-------++-------
  Melee: Hand axe          |    77 |    83 ||   160
         Punch             |     2 |       ||     2
 Invoke: Berserk           |       |     1 ||     1
    Use: Scroll            |     3 |       ||     3
   Stab: Distracted        |       |     1 ||     1
 Armour: Scale mail        |    72 |    36 ||   108
         Ring mail         |       |    13 ||    13
  Dodge: Dodged            |    59 |    32 ||    91
  Block: Buckler           |     5 |    10 ||    15
